 Dungeon Crawl Stone Soup version 0.31-a0-152-g6aa68a64a1 (webtiles) character file.

Game seed: 14028655209843177917

471493 pokeman the Archmage (level 23, -7/125 (135) HPs)
             Began as a Deep Elf Hedge Wizard on June 9, 2023.
             Was the Champion of Vehumet.
             Killed from afar by a tengu reaver (49 damage)
             ... with a bolt of negative energy
             ... on level 4 of the Vaults on June 10, 2023.
             The game lasted 03:42:24 (66862 turns).

pokeman the Archmage (Deep Elf Hedge Wizard)       Turns: 66862, Time: 03:42:25

HP:   -7/125 (135)  AC: 18    Str: 10    XL:     23   Next: 54%
MP:   47/74         EV: 11    Int: 40    God:    Vehumet [******]
Gold: 6349          SH:  8    Dex: 19    Spells: 3/76 levels left

rFire   . . .        M - staff of conjuration "Poakuloa" {rElec SInv Stlth-}
rCold   + . .        x - +2 buckler {rC+}
rNeg    . . .        F - quicksilver dragon scales
rPois   .            v - +2 helmet
rElec   +            r - scarf {repulsion}
rCorr   .            S - +2 pair of gloves
SInv    +            g - +0 pair of boots
Will    +++..        P - amulet of Entatad {RegenMP MP+9 Str+3 Int+3}
Stlth   ++           L - ring "Renwul" {MP+9 Dex+5 Stlth+}
HPRegen 0.40/turn    N - +6 ring of intelligence
MPRegen 0.84/turn

%: repel missiles
@: corroded, drained
A: no striking features
}: 2/15 runes: serpentine, barnacled
a: Renounce Religion


You were on level 4 of the Vaults.
You worshipped Vehumet.
Vehumet was exalted by your worship.
You visited 9 branches of the dungeon, and saw 42 of its levels.
You visited the Abyss 1 time.
You visited 1 bazaar.
You also visited: Trove, Ice Cave and Desolation.

You collected 6954 gold pieces.
You spent 605 gold pieces at shops.

Inventory:

Hand Weapons
 D - the +9 short sword of the Water Diviner {heavy, rPois rC+ Int+4 Dex-4}
   (You found it in the Desolation of Salt)

   Int:       It affects your intelligence (+4).
   Dex:       It affects your dexterity (-4).
   rC:        It protects you from cold.
   rPois:     It protects you from poison.
 O - the +5 demon whip "Spellbinder" {antimagic, disrupt, Will+}
   (You took it off an imperial myrmidon in the Desolation of Salt)

   Will:      It increases your willpower.
Armour
 g - a +0 pair of boots (worn)
 r - a scarf of repulsion (worn)
 v - a +2 helmet (worn)
 w - the +1 troll leather armour "Mixton" {rPois rF+++ Regen+ Int+2}
   (You took it off a servant of whispers in the Desolation of Salt)

   Int:       It affects your intelligence (+2).
   rF:        It renders you almost immune to fire.
   rPois:     It protects you from poison.
   Regen:     It increases your rate of health regeneration.
 x - a +2 buckler of cold resistance (worn)
 F - quicksilver dragon scales (worn)
 K - a +2 leather armour of fire resistance
 S - a +2 pair of gloves (worn)
Magical Staves
 J - the staff of fire "Xoma Lai" {rF+ Will+}
   (You found it on level 3 of the Depths)

   [staff of fire]

   Base accuracy: +5 Base damage: 5 Base attack delay: 1.2 This weapon's minimum
   attack delay (0.6) is reached at skill level 12.
   rF:        It protects you from fire.
   Will:      It increases your willpower.
   It falls into the 'Staves' category.
   It is a one-handed weapon.
 M - the staff of conjuration "Poakuloa" (weapon) {rElec SInv Stlth-}
   (You found it on level 7 of the Dungeon)

   [staff of conjuration]

   Base accuracy: +5 Base damage: 5 Base attack delay: 1.2 This weapon's minimum
   attack delay (0.6) is reached at skill level 12.
   rElec:     It insulates you from electricity.
   SInv:      It lets you see invisible.
   Stlth:     It makes you less stealthy.
   It falls into the 'Staves' category.
   It is a one-handed weapon.
Jewellery
 a - an amulet of reflection
 y - the ring of Zabbopakh {rElec rPois rN+ Will+ Dex+6}
   (You found it in the Desolation of Salt)

   [ring of willpower]

   Dex:       It affects your dexterity (+6).
   rElec:     It insulates you from electricity.
   rPois:     It protects you from poison.
   rN:        It protects you from negative energy.
   Will:      It increases your willpower.
 B - the ring of the Scavenger {rC+ Str+3 Dex+4 Slay+2}
   (You found it in the Desolation of Salt)

   [ring of protection from cold]

   Str:       It affects your strength (+3).
   Dex:       It affects your dexterity (+4).
   Slay:      It affects your accuracy & damage with ranged weapons and melee
   (+2).
   rC:        It protects you from cold.
 G - a ring of protection from fire
 H - a +6 ring of intelligence
 L - the ring "Renwul" (left hand) {MP+9 Dex+5 Stlth+}
   (You found it in the Desolation of Salt)

   [ring of magical power]

   Dex:       It affects your dexterity (+5).
   MP:        It affects your magic capacity (+9).
   Stlth:     It makes you more stealthy.
 N - a +6 ring of intelligence (right hand)
 P - the amulet of Entatad (around neck) {RegenMP MP+9 Str+3 Int+3}
   (You found it in the Desolation of Salt)

   [amulet of magic regeneration]

   It increases your rate of magic regeneration.
   Str:       It affects your strength (+3).
   Int:       It affects your intelligence (+3).
   MP:        It affects your magic capacity (+9).
 T - the amulet of Impatience {RegenMP rPois rC+ Str+2}
   (You found it on level 7 of the Dungeon)

   [amulet of magic regeneration]

   It increases your rate of magic regeneration.
   Str:       It affects your strength (+2).
   rC:        It protects you from cold.
   rPois:     It protects you from poison.
Wands
 b - a wand of iceblast (13)
 i - a wand of charming (3)
 q - a wand of flame (32)
 u - a wand of polymorph (3)
 A - a wand of light (19)
Scrolls
 c - a scroll of fog
 e - 8 scrolls of magic mapping
 h - 8 scrolls of blinking
 j - 29 scrolls of teleportation
 p - 2 scrolls of enchant armour
 Q - a scroll of enchant weapon
 R - a scroll of amnesia
Potions
 d - 4 potions of magic
 f - 16 potions of curing
 k - 9 potions of haste
 m - a potion of resistance
 s - 2 potions of invisibility
 t - a potion of berserk rage
 E - 8 potions of heal wounds
Miscellaneous
 l - a piece from Xom's chessboard (15/15)
 n - a phial of floods
 o - a tin of tremorstones (2/2)
 z - a lightning rod (4/4)
 C - a phantom mirror
 I - a box of beasts


   Skills:
 - Level 11.0 Fighting
 + Level 11.8 Armour
 - Level 3.0 Dodging
 - Level 3.0 Stealth
 - Level 6.0 Shields
 O Level 27 Spellcasting
 * Level 24.9 Conjurations
 - Level 1.1 Summonings
 - Level 2.0 Necromancy
 - Level 1.1 Translocations
 + Level 15.5 Fire Magic
 - Level 1.0 Ice Magic
 - Level 1.1 Air Magic
 + Level 20.6 Earth Magic
 - Level 1.2 Poison Magic
 - Level 1.3 Evocations


You had 3 spell levels left.
You knew the following spells:

 Your Spells              Type           Power      Damage    Failure   Level
a - Magic Dart            Conj           100%       1d8       0%          1
b - Mephitic Cloud        Conj/Pois/Air  100%       N/A       1%          3
c - Call Imp              Summ           100%       N/A       1%          2
d - Blink                 Tloc           100%       N/A       1%          2
e - Fireball              Conj/Fire      72%        3d27      0%          5
f - Freezing Cloud        Conj/Ice/Air   56%        6-21      1%          5
g - Leda's Unmaking       Conj/Erth      75%        9d12      0%          6
h - Lee's Rapid Deconstr  Erth           60%        3d28*     0%          5
i - Orb of Destruction    Conj           77%        9d17      1%          7
j - Ignition              Fire           54%        3d15      2%          8
k - Lehudib's Crystal Sp  Conj/Erth      75%        10d17     1%          8
l - Stone Arrow           Conj/Erth      100%       3d13      0%          3
m - Shatter               Erth           60%        3d45*     5%          9
n - Fire Storm            Conj/Fire      72%        8d18      6%          9

Your spell library contained the following spells:

 Spells                   Type           Power      Damage    Failure   Level
 Kiss of Death            Conj/Necr      100%       2d13      0%          1
 Sandblast                Erth           100%       2d20      0%          1
 Shock                    Conj/Air       100%       1d9       0%          1
 Momentum Strike          Conj/Tloc      100%       3d10      0%          2
 Dazzling Flash           Conj/Hex       100%       N/A       0%          3
 Beastly Appendage        Tmut           100%       N/A       1%          1
 Necrotise                Necr           100%       1d9       1%          1
 Slow                     Hex            100%       N/A       1%          1
 Sting                    Tmut/Pois      100%       1d8       1%          1
 Cigotuvi's Dreadful Rot  Necr/Pois/Air  100%       N/A       1%          2
 Ensorcelled Hibernation  Hex/Ice        100%       N/A       1%          2
 Lesser Beckoning         Tloc           100%       N/A       1%          2
 Passwall                 Tmut/Erth      78%        N/A       1%          2
 Poisonous Vapours        Pois/Air       100%       N/A       1%          2
 Sublimation of Blood     Necr           63%        N/A       1%          2
 Wereblood                Tmut           52%        N/A       1%          2
 Gell's Gravitas          Tloc           58%        N/A       1%          3
 Ignite Poison            Fire/Tmut/Pois 78%        N/A       1%          3
 Inner Flame              Hex/Fire       86%        N/A       1%          3
 Spider Form              Tmut/Pois      56%        N/A       1%          3
 Summon Guardian Golem    Hex/Summ       55%        N/A       1%          3
 Swiftness                Air            58%        N/A       1%          3
 Vampiric Draining        Necr           63%        2d10      1%          3
 Vhi's Electric Charge    Tloc/Air       100%       N/A       1%          3
 Volatile Blastmotes      Fire/Tloc      100%       2d18      1%          3
 Confusing Touch          Hex            52%        N/A       2%          3
 Flame Wave               Conj/Fire      100%       2d21      0%          4
 Sticky Flame             Conj/Fire      100%       2d11      0%          4
 Airstrike                Air            29%        2d(5-21)  1%          4
 Fulminant Prism          Conj/Hex       62%        3d26      1%          4
 Iskenderun's Mystic Bla  Conj/Tloc      100%       2d19      1%          4
 Leda's Liquefaction      Hex/Erth       47%        N/A       1%          4
 Olgreb's Toxic Radiance  Pois           59%        N/A       1%          4
 Petrify                  Tmut/Erth      94%        N/A       1%          4
 Arcjolt                  Conj/Air       63%        1d73      1%          5
 Borgnjor's Vile Clutch   Necr/Erth      48%        N/A       1%          5
 Irradiate                Conj/Tmut      62%        3d32      1%          5
 Conjure Ball Lightning   Conj/Air       63%        3x3d23    1%          6
 Plasma Beam              Fire/Air       44%        2x1d58    1%          6
 Starburst                Conj/Fire      72%        6d19      1%          6
 Statue Form              Tmut/Erth      62%        N/A       1%          6
 Dispel Undead            Necr           63%        3d22      3%          4
 Anguish                  Hex/Necr       29%        N/A       5%          4
 Summon Ice Beast         Ice/Summ       58%        N/A       5%          4
 Yara's Violent Unravell  Hex/Tmut       26%        3d11      7%          5
 Cause Fear               Hex            26%        N/A       9%          4
 Agony                    Necr           63%        N/A       11%         5
 Summon Forest            Summ/Tloc      29%        N/A       16%         5
 Metabolic Englaciation   Hex/Ice        27%        N/A       19%         5
 Summon Mana Viper        Hex/Summ       55%        N/A       19%         5
 Blade Hands              Tmut           26%        N/A       24%         5
 Eringya's Noxious Bog    Tmut/Pois      28%        N/A       26%         6
 Dispersal                Tloc           29%        N/A       63%         6
 Summon Cactus Giant      Summ           29%        N/A       63%         6
 Malign Gateway           Summ/Tloc      29%        N/A       99%         7
 Monstrous Menagerie      Summ           29%        N/A       99%         7
 Storm Form               Tmut/Air       27%        N/A       99%         7
 Summon Hydra             Summ           29%        N/A       99%         7
 Dragon Form              Tmut           26%        N/A       100%        7
 Enfeeble                 Hex            26%        N/A       100%        7
 Borgnjor's Revivificati  Necr           31%        N/A       100%        8
 Maxwell's Capacitive Co  Air            29%        ∞         100%        8
 Necromutation            Tmut/Necr      29%        N/A       100%        8
 Death's Door             Necr           31%        N/A       100%        9


Dungeon Overview and Level Annotations

Branches:
Dungeon (15/15)            Temple (1/1) D:5            Lair (5/5) D:8
 Shoals (4/4) Lair:3        Snake (4/4) Lair:2        Slime (0/5) Lair:5
    Orc (2/2) D:12            Elf (3/3) Orc:2        Vaults (4/5) D:14
  Crypt (0/3) Vaults:2     Depths (4/4) D:15            Zot (0/5) Depths:4
  IceCv (visited)         Desolation (visited)

Altars:
Ashenzari
Cheibriados
Dithmenos
Elyvilon
Fedhas
Gozag
Hepliaklqana
Kikubaaqudgha
Makhleb
Nemelex Xobeh
Okawaru
Qazlal
Ru
Sif Muna
Trog
Uskayaw
Vehumet
Wu Jian
Xom
Yredelemnul
Zin
The Shining One
Jiyva

Shops:
D:1 !   D:5 *   D:8 [   Orc:2 ?(*?[   Elf:2 ?==:   Elf:3 (   Shoals:4 [
Snake:2 *   Vaults:3 [

Portals:
Hell: Depths:1 Depths:2 Depths:3 Depths:4
Abyss: Depths:2 Depths:3 Depths:4
Pandemonium: Depths:1 Depths:2
Ziggurat: Depths:3


Message History

A fire giant comes into view.
It is wielding a +2 great sword of flaming.
Casting: Leda's Unmaking (safe; 0% risk of failure)
Confirm with . or Enter, or press ? or * to list all spells.
Aiming: Fireball (safe; 0% risk of failure)
Press: ? - help, Shift-Dir - straight line, p - tengu reaver You feel a surge of power!
The fireball explodes!
The fireball engulfs the tengu reaver!
You kill the tengu reaver!
Vehumet accepts your kill.
You feel your power returning.
The fireball engulfs the tengu reaver!
The tengu reaver is severely wounded.
A slime creature comes into view.
Unknown command.
Unknown command.
Casting: Fireball (safe; 0% risk of failure)
Confirm with . or Enter, or press ? or * to list all spells.
Aiming: Freezing Cloud (safe; 1% risk of failure)
Press: ? - help, Dir - move target You feel a surge of power!
The slime creature quivers.
A yaktaur captain comes into view.
The fire giant is engulfed in freezing vapours.
The tengu reaver is engulfed in freezing vapours.
The tengu reaver gestures at you while chanting.
The bolt of acid hits you!!! The acid corrodes you!
Unknown command.
Casting: Freezing Cloud (safe; 1% risk of failure)
Confirm with . or Enter, or press ? or * to list all spells.
Aiming: Freezing Cloud (safe; 1% risk of failure)
Press: ? - help, Dir - move target, f - yaktaur captain
Aim: a yaktaur captain You feel a surge of power!
The yaktaur captain is engulfed in freezing vapours.
The yaktaur captain wields a +0 arbalest.
The yaktaur captain shoots a bolt.
The bolt hits you!
The fire giant is engulfed in freezing vapours.
The tengu reaver is engulfed in freezing vapours.
The tengu reaver points at you and mumbles some strange words.
The bolt of negative energy hits you!!!
You feel drained.
You die...

......##......# ***********
......##......##*##**,,,******
......##......##$..##,⌠,**,,,*
......##......#*.#..#,,,*,.*,*
......##......#*,.(.##,##..,,*
......##......#**,.c.,.....,**
......##......#####.#§§.#,*****
########......#...#)Q§#,,,*,,,*
#......'.@..§C#8#,,,,⌠,*
#......#...#§§§#,,,*,,,*
############.#Jc§#,*****
**,.....§..,,** *,,).##.##.$,,*
*,*..#,..*,.*,* *,.Q##,⌠.#*,,,*
******,,,****** *****


You could see a fire giant, a tengu reaver, a yaktaur captain and a slime
creature.

Vanquished Creatures
  Mara (Snake:3)
  A juggernaut (Depths:3)
  Sojobo (Vaults:3)
  Saint Roka (Snake:2)
  Bai Suzhen (Shoals:3)
  5 caustic shrikes (Depths:4)
  4 golden dragons
  2 bone dragons
  Jorgrun (Snake:1)
  2 tentacled monstrosities
  A titan (Depths:3)
  Zenata (Vaults:2)
  A deep elf master archer (Elf:3)
  Asterion (Snake:4)
  2 deep elf blademasters
  4 sphinxes
  A quicksilver dragon (Depths:3)
  Frances (Snake:1)
  Agnes (Snake:1)
  2 tentacled starspawn (Abyss:3)
  An ancient champion (Vaults:2)
  3 shadow dragons
  5 krakens (Shoals:2)
  5 tengu reavers
  2 nagarajas (Snake:4)
  3 storm dragons
  A revenant (Vaults:2)
  Roxanne (Snake:2)
  5 frost giants
  A draconian monk (Depths:4)
  2 iron dragons (Depths:4)
  2 daevas (Depths:3)
  9 fire giants
  8 deep elf sorcerers (Elf:3)
  An imperial myrmidon (Desolation)
  6 vault wardens
  Aizul (Snake:4)
  3 ironbound thunderhulks
  2 deep elf elementalists (Elf:3)
  15 stone giants
  An orc warlord (Vaults:2)
  9 ironbound preservers
  A draconian stormcaller (Depths:4)
  9 spriggan defenders
  A formless jellyfish (Vaults:2)
  A war gargoyle (Vaults:4)
  15 very ugly things
  An ophan (Abyss:3)
  5 vampire knights
  4 deep elf annihilators (Elf:3)
  A red draconian (Depths:4)
  5 deep elf demonologists (Elf:3)
  3 green draconians (Depths:4)
  2 halazid warlocks (Desolation)
  21 spark wasps
  2 purple draconians (Depths:4)
  16 dire elephants
  13 deep elf death magi
  A blizzard demon (Depths:2)
  6 merfolk javelineers
  2 crystal guardians (Desolation)
  7 merfolk impalers
  3 ettins
  9 fire dragons
  3 deep elf high priests (Elf:3)
  8 yaktaur captains
  9 servants of whispers (Desolation)
  A hell beast (Depths:4)
  3 vault guards (Vaults:2)
  8 ragged hierophants (Desolation)
  An entropy weaver (Vaults:1)
  Josephine (D:10)
  6 great orbs of eyes
  11 peacekeepers
  Harold (D:11)
  3 rakshasas (Depths:1)
  4 spriggan air magi
  16 hydras
  7 ice dragons
  15 centaur warriors
  8 ironbound frosthearts
  6 merfolk avatars
  5 salamander tyrants (Snake:4)
  17 anacondas
  18 naga warriors
  6 merfolk aquamancers
  4 deep troll shamans
  21 two-headed ogres
  4 ogre magi (Orc:2)
  4 alligator snapping turtles
  A satyr (Shoals:2)
  8 boulder beetles
  9 tengu warriors
  2 deep troll earth magi
  24 dancing weapons
  3 naga sharpshooters
  A demonic crawler (Abyss:3)
  3 vampire magi
  2 orc high priests
  A hell hog (Depths:4)
  15 shock serpents
  2 thrashing horrors (Abyss:3)
  A soul eater (Depths:1)
  12 skysharks
  16 deep elf knights
  3 spriggan berserkers
  A fire crab (Depths:1)
  9 hell knights
  7 salamander mystics
  4 skeletal warriors
  A goliath frog (Lair:5)
  A quicksilver dragon simulacrum (Depths:4)
  A sea snake (shapeshifter) (D:15)
  12 sea snakes
  A kraken simulacrum (Shoals:4)
  12 deep elf archers
  A flayed ghost (Abyss:3)
  28 deep trolls
  6 glowing orange brains
  11 wizards
  5 naga ritualists
  A shadow demon (Depths:1)
  Pikel (D:7)
  2 necromancers
  20 ironbound convokers
  10 lindwurms
  20 deep elf zephyrmancers
  6 mana vipers
  16 harpies
  An orc sorcerer (Snake:2)
  A phantasmal warrior (Vaults:3)
  6 orc knights
  7 fauns
  16 deep elf pyromancers
  3 starcursed masses (Abyss:3)
  39 ugly things
  18 manticores
  11 cyclopes
  24 salamanders
  12 vault sentinels
  35 black mambas
  13 elephants
  Joseph (D:8)
  Maurice (D:9)
  2 torpor snails
  4 ice statues
  4 water nymphs
  5 merfolk sirens
  12 guardian serpents
  A gargoyle (D:14)
  19 naga magi
  A torpor snail (shapeshifter) (Depths:3)
  18 cane toads
  2 molten gargoyles (Depths:1)
  An orange demon (Abyss:3)
  A kobold demonologist (D:7)
  5 unseen horrors
  6 komodo dragons
  14 yaktaurs
  A rime drake (Lair:5)
  3 efreet
  2 freezing wraiths
  4 tengu conjurers
  An anaconda simulacrum (IceCv)
  3 red devils
  5 trolls
  2 tyrant leeches (Lair:5)
  11 hornets
  2 hellwings
  A meliai (shapeshifter) (D:15)
  6 wind drakes
  29 merfolk
  3 polar bears
  A wolf spider simulacrum (D:14)
  A tarantella (shapeshifter) (D:13)
  Grinder (D:4)
  A hydra skeleton (Abyss:3)
  3 raiju (Abyss:3)
  66 saltlings (Desolation)
  12 snapping turtles
  A jumping spider (Vaults:1)
  20 blink frogs
  4 dream sheep
  16 slime creatures
  2 large abominations
  9 spriggans
  4 vampires
  An air elemental (Elf:1)
  2 culicivoras (shapeshifter)
  14 water elementals
  A dire elephant simulacrum (IceCv)
  9 wraiths
  4 wyverns
  A ynoxinul (Abyss:3)
  3 small abominations (Abyss:3)
  3 basilisks
  45 yaks
  5 fire elementals
  A death yak simulacrum (IceCv)
  5 steam dragons
  2 chaos spawn
  A neqoxec (Abyss:3)
  A redback (Vaults:1)
  18 vampire mosquitoes
  2 acid dragons
  4 wargs
  45 nagas
  12 water moccasins
  19 orc warriors
  2 ice beasts
  3 sky beasts
  4 black bears
  2 lemures (D:7)
  11 wolves
  25 ogres
  15 boggarts
  7 centaurs
  3 phantoms
  23 bullfrogs
  2 kobold brigands
  2 elf zombies (Elf:1)
  2 scorpions
  2 gnoll sergeants
  A cane toad simulacrum (IceCv)
  5 earth elementals
  4 wights (D:8)
  An elephant simulacrum (IceCv)
  6 killer bees
  8 howler monkeys
  6 electric eels
  6 lava snakes
  A crimson imp (D:8)
  12 orc priests
  2 jellies
  3 gnoll boudas
  4 hounds
  Jessica (D:2)
  Ijyb (D:4)
  Terence (D:2)
  2 polar bear simulacra (IceCv)
  A sleepcap (D:6)
  4 iguanas
  18 orc wizards
  7 hell rats (Lair:5)
  A statue (D:12)
  Robin (D:3)
  33 gnolls
  6 adders
  2 shadow imps
  2 ufetubi
  A worm (D:4)
  2 dart slugs (D:4)
  90 orcs
  7 ball pythons
  6 bats
  12 endoplasms
  3 giant cockroaches
  6 hobgoblins
  9 kobolds
  2 quokkas
  4 frilled lizards
  17 goblins
  2 goblin zombies (D:8)
  4 hobgoblin zombies (D:8)
  A kobold skeleton (D:8)
  3 orc zombies (D:8)
  3 rats
  A starspawn tentacle (Abyss:3)
  9 tentacles (Shoals:2)
1836 creatures vanquished.

Vanquished Creatures (collateral kills)
  Sigmund (D:3)
1 creature vanquished.

Vanquished Creatures (others)
  A killer bee (D:9)
  2 gnolls (D:7)
  3 starspawn tentacles (Abyss:3)
  17 tentacles (Shoals:2)
23 creatures vanquished.

Grand Total: 1860 creatures vanquished

Notes
Turn   | Place    | Note
-------+----------+-------------------------------------------
     0 | D:1      | pokeman the Deep Elf Hedge Wizard began the quest for the
                  | Orb.
     0 | D:1      | Reached XP level 1. HP: 10/10 MP: 7/7
   308 | D:1      | Reached XP level 2. HP: 15/15 MP: 3/9
   405 | D:1      | Found Uruam's Distillery.
   614 | D:1      | Found a faded altar of an unknown god.
  1210 | D:2      | Reached skill level 5 in Spellcasting
  1267 | D:2      | Reached XP level 3. HP: 20/20 MP: 2/11
  1271 | D:2      | Learned a level 3 spell: Mephitic Cloud
  1274 | D:2      | Learned a level 2 spell: Call Imp
  1277 | D:2      | Learned a level 2 spell: Blink
  1281 | D:2      | Learned a level 3 spell: Stone Arrow
  1815 | D:2      | Noticed Jessica
  1820 | D:2      | Killed Jessica
  1821 | D:2      | Reached skill level 1 in Fighting
  1821 | D:2      | Reached skill level 1 in Armour
  1821 | D:2      | Reached XP level 4. HP: 25/25 MP: 7/13
  2020 | D:2      | Noticed a scorpion
  2043 | D:2      | Killed a scorpion
  2044 | D:2      | Reached skill level 6 in Spellcasting
  2249 | D:2      | Noticed Terence
  2446 | D:3      | Reached XP level 5. HP: 29/29 MP: 12/15
  2639 | D:3      | Noticed Robin
  2684 | D:3      | Found a sparkling altar of Nemelex Xobeh.
  2689 | D:3      | Killed Robin
  3057 | D:3      | Noticed Sigmund
  3084 | D:3      | Killed Sigmund
  3085 | D:3      | Reached skill level 1 in Air Magic
  3085 | D:3      | Reached skill level 1 in Earth Magic
  3085 | D:3      | Reached skill level 1 in Poison Magic
  3085 | D:3      | Reached skill level 1 in Evocations
  3085 | D:3      | Reached XP level 6. HP: 31/34 MP: 10/17
  3486 | D:3      | Found a sacrificial altar of Ru.
  3576 | D:3      | Found a burning altar of Makhleb.
  3586 | D:3      | Reached skill level 7 in Spellcasting
  3781 | D:2      | Killed Terence
  4047 | D:4      | Noticed Ijyb
  4063 | D:4      | Killed Ijyb
  4078 | D:4      | Reached XP level 7. HP: 28/38 MP: 3/20
  4226 | D:4      | Found an iron altar of Okawaru.
  4358 | D:4      | Found a shadowy altar of Dithmenos.
  4466 | D:4      | Noticed Grinder
  4472 | D:4      | Killed Grinder
  4473 | D:4      | Reached skill level 8 in Spellcasting
  4787 | D:1      | Bought a potion of magic for 80 gold pieces
  4787 | D:1      | Bought a potion of degeneration for 10 gold pieces
  5302 | D:5      | Entered Level 5 of the Dungeon
  5460 | D:5      | Found a basalt altar of Yredelemnul.
  5481 | D:5      | Found a staircase to the Ecumenical Temple.
  5487 | Temple   | Entered the Ecumenical Temple
  5555 | Temple   | Became a worshipper of Vehumet
  5593 | D:5      | Reached XP level 8. HP: 44/44 MP: 19/22
  5626 | D:5      | Found a shimmering altar of Xom.
  5681 | D:5      | Found Zaxzun's General Store.
  5685 | D:5      | Bought a scroll of identify for 26 gold pieces
  6423 | D:6      | Found a hide-covered altar of Uskayaw.
  6491 | D:6      | Reached skill level 9 in Spellcasting
  6850 | D:6      | Found an opulent altar of Gozag.
  6883 | D:6      | Reached skill level 1 in Necromancy
  7065 | D:6      | Reached skill level 5 in Conjurations
  7283 | D:6      | Reached skill level 10 in Spellcasting
  7537 | D:6      | Found a glowing silver altar of Zin.
  7850 | D:7      | Reached * piety under Vehumet
  7850 | D:7      | Offered knowledge of Kiss of Death by Vehumet.
  7851 | D:7      | Reached XP level 9. HP: 13/48 MP: 15/25
  7856 | D:7      | HP: 2/48 [ice beast (9)]
  8546 | D:7      | Noticed a troll
  8550 | D:7      | Reached skill level 5 in Earth Magic
  8559 | D:7      | Reached skill level 11 in Spellcasting
  8592 | D:7      | Killed a troll
  8775 | D:7      | Noticed a kobold demonologist
  8776 | D:7      | Noticed a skeletal warrior
  8807 | D:7      | Killed a skeletal warrior
  8961 | D:7      | Noticed a red devil
  8962 | D:7      | Killed a kobold demonologist
  8963 | D:7      | Reached skill level 12 in Spellcasting
  9060 | D:7      | Found a runed translucent door.
  9060 | D:7      | Found a runed translucent door.
  9060 | D:7      | Found a runed translucent door.
  9338 | D:8      | Noticed an elephant
  9338 | D:8      | Found a staircase to the Lair.
  9554 | D:8      | Noticed Joseph
  9572 | D:8      | Reached XP level 10. HP: 36/54 MP: 14/28
  9573 | D:8      | Killed Joseph
  9612 | D:8      | Killed an elephant
  9796 | D:8      | Found a stormy altar of Qazlal.
  9808 | D:8      | Found Ykas's Antique Armour Shop.
  9955 | D:8      | You fall into a shaft and drop 3 floors!
 10015 | D:11     | Noticed a two-headed ogre
 10065 | D:11     | Reached skill level 13 in Spellcasting
 10094 | D:11     | Found a flickering gateway to a bazaar.
 10103 | Bazaar   | Entered a bazaar
 10229 | Bazaar   | Found Irasch's Antique Armour Emporium.
 10245 | Bazaar   | Found Wiysipt's Antique Weapon Shoppe.
 10245 | Bazaar   | Found Teotriap's Weapon Emporium.
 10267 | Bazaar   | Found Qiesagets's Magic Scroll Shoppe.
 10267 | Bazaar   | Found Bohes's Book Emporium.
 10310 | Bazaar   | Bought a scroll of fog for 28 gold pieces
 10310 | Bazaar   | Bought a scroll of fear for 28 gold pieces
 10310 | Bazaar   | Bought a scroll of identify for 14 gold pieces
 10310 | Bazaar   | Bought a scroll of identify for 14 gold pieces
 10310 | Bazaar   | Bought a scroll of teleportation for 21 gold pieces
 10310 | Bazaar   | Bought a scroll of blinking for 52 gold pieces
 10310 | Bazaar   | Bought a scroll of identify for 14 gold pieces
 10347 | D:11     | Killed a two-headed ogre
 10453 | D:10     | Entered Level 10 of the Dungeon
 11081 | D:8      | Found a glowing golden altar of the Shining One.
 11084 | D:8      | Reached ** piety under Vehumet
 11090 | D:8      | Offered knowledge of Scorch by Vehumet.
 11422 | D:8      | Reached skill level 14 in Spellcasting
 11642 | D:8      | Offered knowledge of Poisonous Vapours by Vehumet.
 11973 | D:9      | Identified the +9 flail "Qybbuuta" {holy, rF+}
 12024 | D:9      | Noticed Maurice
 12041 | D:9      | Killed Maurice
 12042 | D:9      | Reached XP level 11. HP: 53/61 MP: 20/31
 12823 | D:10     | Found a broken altar of Ashenzari.
 12893 | D:10     | Noticed Josephine
 12920 | D:10     | Reached *** piety under Vehumet
 13160 | D:10     | Killed Josephine
 13161 | D:10     | Reached skill level 15 in Spellcasting
 13839 | D:11     | Noticed Harold
 13884 | D:11     | Killed Harold
 13885 | D:11     | Reached skill level 5 in Fighting
 14114 | D:11     | Noticed a boulder beetle
 14137 | D:11     | Killed a boulder beetle
 14291 | D:11     | Offered knowledge of Ignite Poison by Vehumet.
 14885 | D:12     | Found a radiant altar of Vehumet.
 14979 | D:12     | Noticed a boulder beetle
 15174 | D:12     | Reached skill level 16 in Spellcasting
 15224 | D:12     | Noticed a boulder beetle
 15242 | D:12     | Killed a boulder beetle
 15420 | D:12     | Found a staircase to the Orcish Mines.
 15639 | D:12     | Noticed a skeletal warrior
 15660 | D:12     | Killed a skeletal warrior
 15661 | D:12     | Reached XP level 12. HP: 33/68 MP: 22/34
 15793 | D:12     | Killed a boulder beetle
 15794 | D:12     | Reached skill level 5 in Armour
 16516 | D:12     | Reached **** piety under Vehumet
 16524 | D:12     | Reached skill level 10 in Conjurations
 16638 | D:12     | Reached skill level 17 in Spellcasting
 16733 | D:12     | Reached skill level 1 in Shields
 16740 | D:12     | Noticed a fire giant
 16855 | Lair:1   | Entered Level 1 of the Lair of Beasts
 17082 | Lair:1   | Offered knowledge of Dazzling Flash by Vehumet.
 17180 | Lair:1   | Reached skill level 10 in Earth Magic
 17783 | Lair:1   | Learned a level 5 spell: Freezing Cloud
 18085 | Lair:2   | Reached skill level 1 in Ice Magic
 18087 | Lair:2   | Reached skill level 18 in Spellcasting
 18355 | Lair:2   | Reached XP level 13. HP: 69/72 MP: 26/37
 18854 | Lair:2   | Found a staircase to the Snake Pit.
 19343 | Lair:3   | Reached ***** piety under Vehumet
 19347 | Lair:3   | Offered knowledge of Eringya's Noxious Bog by Vehumet.
 19858 | Lair:3   | Found a staircase to the Shoals.
 20522 | Lair:4   | Reached skill level 19 in Spellcasting
 20542 | Lair:4   | Found a frozen archway.
 20568 | IceCv    | Entered an ice cave
 20657 | IceCv    | Learned a level 6 spell: Leda's Unmaking
 20888 | IceCv    | Learned a level 5 spell: Lee's Rapid Deconstruction
 21832 | Lair:4   | Reached skill level 5 in Shields
 22304 | Lair:5   | Entered Level 5 of the Lair of Beasts
 22321 | Lair:5   | Offered knowledge of Olgreb's Toxic Radiance by Vehumet.
 22451 | Lair:5   | Reached skill level 20 in Spellcasting
 22451 | Lair:5   | Reached XP level 14. HP: 78/78 MP: 32/40
 23298 | Lair:5   | Found a staircase to the Slime Pits.
 23298 | Lair:5   | Found a viscous altar of Jiyva.
 24611 | D:12     | Reached skill level 21 in Spellcasting
 24683 | D:12     | Killed a fire giant
 24873 | D:13     | HP: 1/78 [tengu warrior/bolt (22)]
 26506 | D:14     | Noticed an ironbound preserver
 26510 | D:14     | Found a gate to the Vaults.
 26680 | D:14     | Killed an ironbound preserver
 26681 | D:14     | Reached XP level 15. HP: 36/82 MP: 36/42
 27192 | D:14     | Found a portal to a secret trove of treasure.
 27565 | D:14     | Found a sacrificial altar of Ru.
 28007 | D:14     | You paid a toll of 7 scrolls of fog to enter a treasure
                  | trove
 28008 | Trove    | Entered a treasure trove
 28028 | Trove    | Identified the +1 broad axe "Arcanum" {drain, rPois rC+++
                  | MP-9 Int-3}
 28030 | Trove    | Identified the amulet of Nulea {Acrobat rC+ Dex+5}
 28032 | Trove    | Identified the +1 scale mail "Dumn" {Str+4}
 28035 | Trove    | Identified the ring of Iturghufe {*Slow rPois Will+ Str+3}
 28085 | D:15     | Entered Level 15 of the Dungeon
 28595 | D:15     | Reached skill level 22 in Spellcasting
 29370 | D:15     | Found a staircase to the Depths.
 29709 | Orc:1    | Entered Level 1 of the Orcish Mines
 30379 | Orc:2    | Entered Level 2 of the Orcish Mines
 30379 | Orc:2    | Found a staircase to the Elven Halls.
 30668 | Orc:2    | Reached ****** piety under Vehumet
 30822 | Orc:2    | Offered knowledge of Ozocubu's Refrigeration by Vehumet.
 30823 | Orc:2    | Paralysed by an ogre mage for 2 turns
 31044 | Orc:2    | Reached skill level 23 in Spellcasting
 31664 | Orc:2    | Found Vuegossu's Antique Armour Emporium.
 31664 | Orc:2    | Found Iseukhlum's Magic Scroll Boutique.
 31665 | Orc:2    | Found Goocael's Assorted Antiques.
 31665 | Orc:2    | Found Gohiot's Weapon Shoppe.
 31673 | Orc:2    | Bought a scroll of magic mapping for 120 gold pieces
 31673 | Orc:2    | Bought a scroll of teleportation for 48 gold pieces
 31673 | Orc:2    | Bought a scroll of blinking for 120 gold pieces
 31765 | Orc:2    | Found Ufocva Koe's Magic Scroll Boutique.
 31768 | Orc:2    | Bought a scroll of identify for 30 gold pieces
 32372 | D:7      | Noticed Pikel
 32376 | D:7      | Killed Pikel
 32439 | D:7      | Identified the staff of conjuration "Poakuloa" {rElec SInv
                  | Stlth-}
 32442 | D:7      | Identified the +9 mace of Evisceration {venom, rC- Str+4
                  | Int+3}
 32444 | D:7      | Identified the amulet of Impatience {RegenMP rPois rC+
                  | Str+2}
 32447 | D:7      | Identified the +1 falchion "Concordance" {spect, rPois rC+
                  | rN+ SInv}
 32462 | D:7      | Got the Parchment of Congregated Distance
 32815 | Snake:1  | Entered Level 1 of the Snake Pit
 32875 | Snake:1  | Reached XP level 16. HP: 68/90 MP: 38/45
 32908 | Snake:1  | Noticed Agnes
 32911 | Snake:1  | Killed Agnes
 33061 | Snake:1  | Found a hazy altar of Hepliaklqana.
 33419 | Snake:1  | Noticed Jorgrun
 33427 | Snake:1  | Killed Jorgrun
 33544 | Snake:1  | Noticed Frances
 33551 | Snake:1  | Killed Frances
 33687 | Snake:1  | Offered knowledge of Orb of Destruction by Vehumet.
 33696 | Snake:1  | Learned a level 7 spell: Orb of Destruction
 34002 | Snake:2  | Noticed Saint Roka
 34195 | Snake:2  | Reached skill level 24 in Spellcasting
 34215 | Snake:2  | Identified Roxanne's Compendium of Configuration
 34215 | Snake:2  | Noticed Roxanne
 34221 | Snake:2  | Killed Roxanne
 34504 | Snake:2  | Found Xejusm's Neck Hole.
 34741 | Snake:2  | Killed Saint Roka
 34755 | Snake:2  | Reached skill level 15 in Conjurations
 35307 | Snake:3  | Found a radiant altar of Vehumet.
 35334 | Snake:3  | Noticed Mara
 35409 | Snake:3  | Noticed pokeman's illusion
 35530 | Snake:3  | Killed Mara
 35531 | Snake:3  | Reached skill level 15 in Earth Magic
 36110 | Snake:3  | Reached XP level 17. HP: 93/97 MP: 38/47
 36113 | Snake:3  | Offered knowledge of Conjure Ball Lightning by Vehumet.
 36481 | Snake:4  | Entered Level 4 of the Snake Pit
 36563 | Snake:4  | Reached skill level 25 in Spellcasting
 37425 | Snake:4  | Reached skill level 1 in Fire Magic
 37759 | Snake:4  | Noticed Aizul
 37765 | Snake:4  | Killed Aizul
 38696 | Snake:4  | Offered knowledge of Arcjolt by Vehumet.
 38855 | Snake:4  | Noticed Asterion
 38862 | Snake:4  | Killed Asterion
 39127 | Snake:4  | Reached skill level 26 in Spellcasting
 39178 | Snake:4  | Got a serpentine rune of Zot
 39751 | Shoals:1 | Entered Level 1 of the Shoals
 40408 | Shoals:1 | Reached XP level 18. HP: 105/105 MP: 26/50
 40816 | Shoals:2 | Offered knowledge of Ignition by Vehumet.
 40826 | Shoals:2 | Learned a level 8 spell: Ignition
 41211 | Shoals:2 | Reached skill level 5 in Fire Magic
 41262 | Shoals:2 | Identified the +2 long sword "Wimeph" {holy, *Slow rElec
                  | rN+}
 42987 | Shoals:3 | Noticed Bai Suzhen
 42996 | Shoals:3 | Killed Bai Suzhen
 43131 | Shoals:3 | Found a runed translucent door.
 43352 | Shoals:3 | Reached skill level 27 in Spellcasting
 43959 | Shoals:4 | Entered Level 4 of the Shoals
 44556 | Shoals:4 | Got a barnacled rune of Zot
 44701 | Shoals:4 | Offered knowledge of Lehudib's Crystal Spear by Vehumet.
 44701 | Shoals:4 | Offered knowledge of Fire Storm by Vehumet.
 44701 | Shoals:4 | Offered knowledge of Shatter by Vehumet.
 44761 | Shoals:4 | Learned a level 8 spell: Lehudib's Crystal Spear
 45438 | Shoals:4 | Found Nadofep's Armour Shoppe.
 46128 | Depths:1 | Entered Level 1 of the Depths
 46215 | Depths:1 | Identified the +1 scimitar "Qoaf" {heavy, rPois rCorr}
 46696 | Elf:1    | Entered Level 1 of the Elven Halls
 46844 | Elf:1    | Reached XP level 19. HP: 74/107 MP: 49/52
 46937 | Elf:1    | Got Dytwim's Book of the Lumpy Emperors
 48229 | Elf:2    | Found Conubin's Magic Scroll Emporium.
 48270 | Elf:2    | Found Gelosch's Book Emporium.
 48270 | Elf:2    | Found Aqetogun's Jewellery Shop.
 48271 | Elf:2    | Found Sinneguts's Jewellery Shop.
 48517 | Elf:2    | Found a runed translucent gate.
 48518 | Elf:2    | Found a runed translucent gate.
 48518 | Elf:2    | Found a runed translucent gate.
 49187 | Elf:3    | Entered Level 3 of the Elven Halls
 49642 | Elf:3    | Found Hashetom's Weapon Shoppe.
 49852 | Elf:3    | Identified the amulet "Otzizozu" {RegenMP Rampage rN+
                  | Will-}
 49987 | Elf:3    | Identified the +3 rapier of Dominance {antimagic, rCorr
                  | Str+4}
 49992 | Abyss:3  | Found a corrupted altar of Lugonu.
 49992 | Abyss:3  | Cast into level 3 of the Abyss (a deep elf sorcerer)
 50333 | Abyss:3  | Noticed a bone dragon
 50349 | Abyss:3  | Killed a bone dragon
 50437 | Elf:3    | Escaped the Abyss
 50438 | Elf:3    | Identified the +1 sling of Pykegoba {freeze, rC+ Dex+2}
 50467 | Elf:3    | Reached skill level 10 in Fire Magic
 50656 | Elf:3    | Identified the +0 crystal plate armour of Xicsivec {Drain
                  | rF+ Str+2 Slay+5}
 50723 | Elf:3    | Identified the staff of earth "Liononuh" {rPois rF- rN+}
 50727 | Elf:3    | Reached XP level 20. HP: 115/115 MP: 47/53
 50728 | Elf:3    | Identified the +8 flail of Asihaog {venom, rF+ Int+2 Dex-2}
 50976 | Elf:3    | Identified the staff of death "Vufisogaqe" {rF+ rN+ Str+2
                  | Dex+3}
 50984 | Elf:3    | Identified the staff of earth "Nusumet" {*Slow rPois Int-4
                  | SInv}
 51003 | Elf:3    | Identified the +0 dagger "Xuabelal" {spect, rCorr}
 52168 | Depths:1 | Paralysed by a sphinx for 4 turns
 52178 | Depths:1 | Reached skill level 10 in Armour
 52747 | Depths:1 | Found a gateway to Hell.
 52955 | Depths:1 | Found a one-way gate leading to the halls of Pandemonium.
 53012 | Depths:1 | Identified the staff of poison "Xeirgheu" {rPois rF+ Dex+3
                  | Stlth+}
 53146 | Depths:1 | Got the Volume of the Salamander
 53153 | Depths:1 | Learned a level 5 spell: Fireball
 54619 | Depths:2 | Found a one-way gate to the infinite horrors of the Abyss.
 55018 | Depths:3 | Found a one-way gateway to a ziggurat.
 55896 | Depths:3 | Reached XP level 21. HP: 121/121 MP: 40/54
 56172 | Depths:3 | Noticed a golden dragon
 56199 | Depths:3 | Killed a golden dragon
 56200 | Depths:3 | Reached skill level 10 in Fighting
 56593 | Depths:3 | Noticed a golden dragon
 56597 | Depths:3 | Killed a golden dragon
 56788 | Depths:3 | Noticed a juggernaut
 56793 | Depths:3 | Killed a juggernaut
 56942 | Depths:3 | Found the +10 tower shield of Ignorance {rN+ Int-4}
 56955 | Depths:3 | Identified the staff of fire "Xoma Lai" {rF+ Will+}
 57155 | Depths:4 | Entered Level 4 of the Depths
 58037 | Depths:4 | Found a gate to the Realm of Zot.
 58037 | Depths:4 | Noticed a golden dragon
 58045 | Depths:4 | Killed a golden dragon
 58407 | Depths:4 | Noticed a caustic shrike
 58410 | Depths:4 | Killed a caustic shrike
 58410 | Depths:4 | Noticed a caustic shrike
 58427 | Depths:4 | Killed a caustic shrike
 58478 | Depths:4 | Noticed a caustic shrike
 58481 | Depths:4 | Noticed a caustic shrike
 58482 | Depths:4 | Killed a caustic shrike
 58484 | Depths:4 | Killed a caustic shrike
 58513 | Depths:4 | Noticed a caustic shrike
 58516 | Depths:4 | Killed a caustic shrike
 59204 | Depths:3 | Reached XP level 22. HP: 130/130 MP: 47/55
 59246 | Depths:3 | Noticed a golden dragon
 59262 | Depths:3 | Killed a golden dragon
 60623 | Vaults:1 | Entered Level 1 of the Vaults
 61923 | Vaults:2 | Noticed Zenata
 61927 | Vaults:2 | Killed Zenata
 63102 | Vaults:2 | Found a staircase to the Crypt.
 63854 | Vaults:3 | Noticed Sojobo
 63860 | Vaults:3 | Paralysed by an air elemental for 1 turns
 63871 | Vaults:3 | Paralysed by an air elemental for 1 turns
 64083 | Vaults:3 | Found Batwey's Antique Armour Emporium.
 64148 | Vaults:3 | Killed Sojobo
 64357 | Vaults:3 | Reached XP level 23. HP: 135/135 MP: 33/56
 65112 | Vaults:4 | Found a crumbling gateway.
 65119 | Desolati | Entered the Desolation of Salt
 65133 | Desolati | Reached skill level 15 in Fire Magic
 65211 | Desolati | Learned a level 9 spell: Shatter
 65446 | Desolati | Identified the +1 troll leather armour "Mixton" {rPois
                  | rF+++ Regen+ Int+2}
 65572 | Desolati | Identified the ring of Zabbopakh {rElec rPois rN+ Will+
                  | Dex+6}
 65644 | Desolati | Identified the ring of the Scavenger {rC+ Str+3 Dex+4
                  | Slay+2}
 65651 | Desolati | Identified the +9 short sword of the Water Diviner {heavy,
                  | rPois rC+ Int+4 Dex-4}
 65869 | Desolati | Identified the ring "Renwul" {MP+9 Dex+5 Stlth+}
 65887 | Desolati | Learned a level 9 spell: Fire Storm
 65921 | Desolati | Identified the +6 rapier of Success {freeze, Fragile Int+3
                  | Stlth+}
 66013 | Desolati | Identified the +4 sling of Keuvya Lekk {heavy, SInv}
 66017 | Desolati | Got Iholauj's Incunabulum of Familiar Battling
 66030 | Desolati | Identified the +1 ring mail of the Mantidfly {rElec}
 66071 | Desolati | Identified the amulet of Entatad {RegenMP MP+9 Str+3 Int+3}
 66194 | Desolati | Got Ponil's Parchment of the Sky and Displacement
 66862 | Vaults:4 | Killed from afar by a tengu reaver

Illustrated notes

Levels and vault maps discovered:
D:1:      reono_arrival_forest_river, layout_basic, serial_shops, shop,
          hellmonk_ecumenical_altar_run_dry
D:2:      layout_basic, uniq_terence, uniq_jessica
D:3:      layout_basic, mainiacjoe_overflow_concentric_impassable,
          lemuel_coloured_pillars_altar, mainiacjoe_overflow_alcove_1,
          grunt_ministairs_15, uniq_sigmund, uniq_robin
D:4:      layout_loops_ring, okawaru_metal_pillars_3,
          mainiacjoe_overflow_surrounded_room, uniq_ijyb, uniq_grinder
D:5:      layout_basic, brannock_xom_greatest_gift,
          nicolae_overflow_crystal_walls, minmay_temple_entry_gardened_gates,
          serial_shops, nicolae_shop_back_alley_shop
D:6:      layout_loops_corners, nicolae_gozag_seed_capital,
          kennysheep_mini_moat, overflow_temple_1_default
D:7:      minmay_the_grid_triangle_9x9_rhombus_full
          [minmay_the_grid_triangle_9x9_warning,
          minmay_the_grid_triangle_9x9_corruption,
          minmay_the_grid_triangle_9x9_dagger,
          minmay_the_grid_triangle_9x9_fully_insulated_deathbox,
          minmay_the_grid_triangle_9x9_checkered,
          minmay_the_grid_triangle_9x9_zippers_horizontal,
          minmay_the_grid_triangle_9x9_sparse_checkered,
          minmay_the_grid_triangle_9x9_prize_center], layout_loops_corners,
          uniq_pikel
D:8:      layout_loops_ring, mainiacjoe_overflow_chevrons,
          nicolae_tso_besieged_by_evil, david_lair_generic, serial_shops, shop,
          uniq_joseph
D:9:      layout_cave_pods, uniq_maurice
D:10:     layout_irregular_city, nicolae_ashenzari_panopticon, uniq_josephine
D:11:     layout_irregular_city, serial_shops, bzr_entry_dummy, uniq_harold
D:12:     nzn_winding_woodlands_three_and_one
          [nzn_winding_woodlands_5x15_parted, nzn_winding_woodlands_5x15_cabin,
          nzn_winding_woodlands_5x15_longhouse,
          nzn_winding_woodlands_center_triple_pond], layout_cave_pods,
          erik_orc_4, vehumet_statue
D:13:     layout_loops_ring
D:14:     layout_loops_corners, skrybe_vaults_entry_preservation,
          nicolae_trove_entry_columns, nicolae_ru_the_path_less_chosen,
          dreamdust_princess_corridor
D:15:     grunt_enter_depths_snipers, layout_small_grid, serial_bayou,
          serial_bayou_pond_e, serial_bayou_crossing, serial_bayou_lagoon_a,
          serial_bayou_shore_b, serial_bayou_pond_a, serial_bayou_ford_a,
          minmay_misc_feat_encased
Temple:   dpeg_three_leaves_temple
Lair:1:   layout_gridlike, grunt_megastairs_5
Lair:2:   layout_gridlike, nicolae_snake_entry_warm_welcome,
          serial_bayou_pond_d, bh_autumn_forest_stairs,
          chequers_serial_rivers_small_3
Lair:3:   layout_gridlike, shoals_dummy_entry, st_stairs_6
Lair:4:   layout_cave_pods, portal_ice_cave_entry_pillars_2,
          serial_bayou_shore_a, grunt_megastairs_1
Lair:5:   minmay_lair_end_frog_pond, layout_concentric_octagons, slime_entry_1,
          patterned_corridor
Shoals:1: layout_shoals, dpeg_stationary_puzzle
Shoals:2: layout_shoals, nicolae_shoals_lost_giant_pillars,
          nicolae_shoals_kraken_party
Shoals:3: layout_shoals, lightli_airlock, uniq_bai_suzhen
Shoals:4: shoals_end_grunt_ice, layout_shoals, serial_shops,
          nicolae_lakefront_shop
Snake:1:  layout_honeycomb, basic_altar, uniq_jorgrun, uniq_agnes, uniq_frances
Snake:2:  layout_basic, nicolae_shop_sticking_my_neck_out, uniq_saint_roka,
          uniq_roxanne
Snake:3:  layout_cave_town, basic_altar, uniq_mara
Snake:4:  snake_pit_salamanders_mu, layout_layer_cave, uniq_aizul, uniq_asterion
Orc:1:    layout_caves, mines1_david
Orc:2:    st_orc_ogre_mass, layout_caves, serial_shops, shop
Elf:1:    kennysheep_six_static_rooms, layout_geoelf_diagonals,
          minmay_elf_necromancy
Elf:2:    nicolae_elf_blades_crystal_corner, layout_rooms, serial_shops, shop,
          minmay_shop_grove
Elf:3:    minmay_elf_hall_x, layout_gridlike, serial_shops, shop
Vaults:1: v_rooms_1, v_pattern_1, nicolae_vaults_trapezoid_3,
          nicolae_vaults_shrinking_rooms_2, nicolae_vaults_alarming,
          nicolae_vaults_little_squares_6, nicolae_vaults_apartment_2,
          layout_vaults_maze_snakey
Vaults:2: minmay_crypt_entry_simple_walls, v_misc_27, nicolae_vaults_house_3,
          v_rooms_5, v_alt_pattern_2, vaults_room_ringed_pool,
          nicolae_vaults_network_quinsquares
          [nicolae_vaults_network_quincunx_subvault,
          nicolae_vaults_network_quincunx_subvault,
          nicolae_vaults_network_quincunx_subvault,
          nicolae_vaults_network_quincunx_subvault], nicolae_vaults_tangram_1,
          nicolae_vaults_frosty_reception, vaults_room_pool,
          nicolae_vaults_six-pack, layout_vaults_ring, uniq_zenata
Vaults:3: nicolae_vaults_sesquioval_fish, v_misc_32, nicolae_vaults_two_Ls,
          nicolae_vaults_surprise_closet, v_misc_23, v_misc_30,
          vaults_mumra_minichess_inversion, nicolae_vaults_apartment_1,
          nicolae_vaults_little_squares_2, layout_vaults_quadrants,
          serial_shops, nicolae_lakefront_shop, uniq_sojobo
Vaults:4: portal_desolation_entry_nicolae_slug, hangedman_vaults_snaps,
          hangedman_vaults_corner, nicolae_vaults_big_ls,
          nicolae_vaults_house_1, nicolae_vaults_apartment_2,
          nicolae_vaults_more_shelving_2, grunt_vaults_bifocal, v_misc_18,
          nicolae_vaults_network_square, nicolae_vaults_house_3,
          hangedman_vaults_hard_town_square, layout_vaults_big_room
Depths:1: layout_cave_shapes, chequers_serial_rivers_micro_e,
          rand_demon_pan_entry_4, pf_hell_entry_tar_spiral,
          hangedman_research_pyrotechnics
Depths:2: dreamdust_hydra_shepherd, layout_cave_pools, abyss_entry,
          pf_coc_iceberg, nicolae_elevator_lobby_plus, rand_demon_pan_entry_5
Depths:3: minmay_nested_s, layout_gridville, enter_ziggurat_d,
          serial_co_window_serial, co_window_of_opportunity_a,
          co_window_corner_a, co_window_paths_b, co_window_paths_a,
          co_window_of_opportunity_a, co_window_corner_b, co_window_corner_b,
          co_window_2corner, co_window_4corner_a, glass_columns_b,
          glass_columns_b, glass_columns_a, glass_columns_b,
          hangedman_abyss_entry_splay, hell_entry, infiniplex_staircase_zigzag_3
Depths:4: grunt_crosshair, layout_honeycomb, grunt_mini_vestibule, abyss_entry,
          kennysheep_flooded_box

Skill      XL: |  1  2  3  4  5  6  7  8  9 10 11 12 13 14 15 16 17 18 19 20 21 22 23 |
---------------+----------------------------------------------------------------------+-----
Spellcasting   | 5 6 7 8 10 12 14 16 18 20 21 23 24 26 27 | 27.0
Fighting       | 1 2 4 5 6 8 9 11 | 11.0
Armour         | 1 3 4 5 6 8 9 10 11 | 11.8
Conjurations   | 2 3 4 5 6 8 9 10 12 13 14 15 16 17 19 21 22 24 | 24.9
Dodging        | 3 |  3.0
Stealth        | 3 |  3.0
Air Magic      | 1 |  1.1
Earth Magic    | 1 2 3 4 6 7 9 10 11 13 14 15 16 17 18 19 20 | 20.6
Poison Magic   | 1 |  1.2
Evocations     | 1 |  1.3
Necromancy     | 2 |  2.0
Shields        | 3 5 6 |  6.0
Ice Magic      | 1 |  1.0
Fire Magic     | 4 7 10 11 13 14 15 | 15.5
Summonings     | |  1.1
Translocations | |  1.1

Action                     |  1- 3 |  4- 6 |  7- 9 | 10-12 | 13-15 | 16-18 | 19-21 | 22-24 || total
---------------------------+-------+-------+-------+-------+-------+-------+-------+-------++-------
  Melee: Club              |       |    14 |       |       |       |       |       |       ||    14
         Short sword       |       |    36 |    94 |    53 |       |       |       |       ||   183
         Dagger            |       |     5 |       |       |       |       |       |       ||     5
         Punch             |       |     1 |     2 |     1 |       |       |       |       ||     4
         Flail             |       |       |       |    45 |    63 |       |       |       ||   108
         Unarmed           |       |       |       |       |     1 |       |       |       ||     1
         Staff             |       |       |       |       |       |    33 |    22 |     1 ||    56
   Cast: Magic Dart        |    77 |   111 |    47 |    78 |    25 |     4 |     4 |     2 ||   348
         Call Imp          |       |     3 |     1 |     4 |     1 |     2 |     1 |       ||    12
         Mephitic Cloud    |       |     3 |    17 |    43 |    24 |     6 |     7 |     3 ||   103
         Stone Arrow       |       |     4 |    77 |   263 |    92 |       |    10 |       ||   446
         Blink             |       |       |     1 |     3 |     2 |     2 |     3 |       ||    11
         Freezing Cloud    |       |       |       |    13 |   191 |   165 |   107 |    14 ||   490
         Leda's Unmaking   |       |       |       |       |   144 |   445 |   492 |   285 ||  1366
         Lee's Rapid Decon |       |       |       |       |     7 |     7 |     3 |    28 ||    45
         Orb of Destructio |       |       |       |       |       |    10 |    11 |    10 ||    31
         Fireball          |       |       |       |       |       |       |    57 |    38 ||    95
         Ignition          |       |       |       |       |       |       |    14 |    51 ||    65
         Lehudib's Crystal |       |       |       |       |       |       |       |     2 ||     2
  Evoke: Wand              |       |       |     1 |       |       |       |     3 |     1 ||     5
    Use: Scroll            |       |       |       |    18 |     9 |     2 |       |     3 ||    32
   Stab: Confused          |       |     7 |     7 |    14 |     4 |       |       |       ||    32
 Armour: Leather armour    |       |    20 |    21 |       |       |       |       |       ||    41
         Steam dragon scal |       |       |    12 |    68 |     8 |       |       |       ||    88
         Acid dragon scale |       |       |       |       |    32 |    78 |    26 |       ||   136
         Quicksilver drago |       |       |       |       |       |       |    19 |    40 ||    59
  Dodge: Dodged            |     9 |    35 |    59 |   134 |    40 |   104 |    92 |    45 ||   518
         Repelled          |       |       |       |       |       |    10 |     6 |     5 ||    21
  Block: Other             |       |       |       |     2 |     3 |       |       |       ||     5
         Buckler           |       |       |       |       |    58 |    71 |    46 |    24 ||   199
         Reflection        |       |       |       |       |    13 |       |       |       ||    13

Table legend: (Time is in decaauts)
 A = Elapsed time spent in this place.
 B = Non-inter-level travel time spent in this place.
 C = Inter-level travel time spent in this place.
 D = Time resting spent in this place.
 E = Time spent auto-exploring this place.
 F = Levels seen in this place.
 G = Mean time per level.
                   A        B        C        D        E       F      G
               +--------+--------+--------+--------+--------+-----+--------+
         Total |  67554 |  61892 |   5662 |  10189 |  41589 |  47 | 1437.3 |
       Dungeon |  25172 |  21553 |   3619 |   2237 |  16388 |  15 | 1678.1 |
        Temple |    314 |    274 |     40 |      0 |     58 |   1 |  314.0 |
          Lair |   6761 |   6256 |    505 |    580 |   4819 |   5 | 1352.2 |
        Shoals |   6321 |   6089 |    232 |   1312 |   3984 |   4 | 1580.2 |
     Snake Pit |   6657 |   6323 |    334 |    982 |   4229 |   4 | 1664.2 |
  Orcish Mines |   2165 |   2075 |     90 |    525 |   1215 |   2 | 1082.5 |
   Elven Halls |   4051 |   3894 |    157 |    664 |   2284 |   3 | 1350.3 |
        Vaults |   4876 |   4728 |    148 |    446 |   3635 |   4 | 1219.0 |
        Depths |   8568 |   8035 |    533 |   2740 |   3873 |   4 | 2142.0 |
         Abyss |    447 |    447 |      0 |    219 |     46 |   1 |  447.0 |
        Bazaar |    231 |    231 |      0 |      0 |    186 |   1 |  231.0 |
         Trove |     44 |     44 |      0 |      0 |      0 |   1 |   44.0 |
      Ice Cave |    576 |    576 |      0 |    202 |    194 |   1 |  576.0 |
    Desolation |   1363 |   1363 |      0 |    281 |    675 |   1 | 1363.0 |
               +--------+--------+--------+--------+--------+-----+--------+

Top non-repeatable levels by time:
     D:7: 2931 daAuts
Depths:3: 2896 daAuts
 Snake:4: 2611 daAuts
    D:12: 2492 daAuts
Depths:4: 2346 daAuts
    D:15: 2246 daAuts
    D:14: 2014 daAuts
Depths:1: 1927 daAuts
Shoals:3: 1795 daAuts
Shoals:2: 1778 daAuts
Vaults:3: 1758 daAuts
Vaults:2: 1696 daAuts
  Lair:5: 1676 daAuts
    D:11: 1671 daAuts
     D:6: 1667 daAuts
